 Dungeon Crawl Stone Soup version 0.23.0-3-gf3c87f2df8 (webtiles) character file.

Game seed: 11326572247231058033

112 1994 the Skirmisher (level 4, -2/38 HPs)
             Began as a Barachi Fighter on Feb 23, 2019.
             Killed by divine providence
             ... invoked by an orc priest
              (12 damage)
             ... on level 3 of the Dungeon.
             The game lasted 00:12:55 (1937 turns).

1994 the Skirmisher (Barachi Fighter)               Turns: 1937, Time: 00:12:55

Health: -2/38      AC:  7    Str: 17    XL:     4   Next: 93%
Magic:  4/4        EV:  8    Int:  8    God:
Gold:   152        SH:  9    Dex: 13    Spells: 3/3 levels left

rFire    . . .     SeeInvis .   a - +0 long sword
rCold    . . .     Gourm    .   c - +0 shield
rNeg     + . .     Faith    .   b - +0 scale mail
rPois    .         Spirit   .   (no helmet)
rElec    .         Reflect  .   (no cloak)
rCorr    .         Harm     .   (no gloves)
MR       .....                  (no boots)
Stlth    ..........             (no amulet)
HPRegen  0.12/turn              i - ring of positive energy
MPRegen  0.09/turn              (no ring)

@: slow
A: +LOS, swims, slowness 1, strong legs 1
a: Hop


You were on level 3 of the Dungeon.
You were not hungry.

You visited 1 branch of the dungeon, and saw 3 of its levels.

You collected 152 gold pieces.

Inventory:

Hand Weapons
 a - a +0 long sword (weapon)
 p - a +0 dagger of draining
Armour
 b - a +0 scale mail (worn)
 c - a +0 shield (worn)
Jewellery
 i - a ring of positive energy (left hand)
 s - a cursed ring of positive energy
Scrolls
 e - a scroll of enchant armour {unknown}
 g - a scroll of teleportation {unknown}
 j - a scroll of immolation {unknown}
 k - a scroll of remove curse {unknown}
 n - a scroll of blinking {unknown}
 q - 2 scrolls of identify {unknown}
Potions
 d - a potion of might
 h - a potion of curing {unknown}
 l - 2 potions of flight {unknown}
 m - 2 potions of haste {unknown}
 r - a potion of berserk rage {unknown}
 t - a potion of agility {unknown}
Comestibles
 f - 6 rations
 o - 5 chunks of flesh


   Skills:
 + Level 4.4 Fighting
 + Level 3.4 Long Blades
 + Level 4.3 Armour
 + Level 1.9 Dodging
 + Level 3.9 Shields


You had 3 spell levels left.
You didn't know any spells.
Your spell library was empty.

Dungeon Overview and Level Annotations

Branches:
Dungeon (3/15)

Altars:


Innate Abilities, Weirdness & Mutations

Shadows flee at your approach. (+LOS)
You can swim through water.
You cover ground slowly.
You can hop short distances.


Message History

The orc priest is heavily wounded.
The giant cockroach bites you but does no damage.
The orc barely misses you.
You riposte.
You hit the orc but do no damage.
The orc priest hits you but does no damage.
The orc barely misses you.
You riposte.
You hit the orc.
The orc is almost dead.
You slash the orc priest!
The orc priest is almost dead.
You block the giant cockroach's attack. The orc hits you.
The orc priest calls down the wrath of Beogh upon you.
Pain shoots through your body!
* * * LOW HITPOINT WARNING * * *
The giant cockroach barely misses you. The orc closely misses you.
The orc barely misses you.
You riposte.
You barely miss the orc. You closely miss the orc priest.
The orc priest is almost dead.
The giant cockroach barely misses you.
The orc priest calls down the wrath of Beogh upon you.
Beogh smites you!
You die...

#.######.# .#
#........# .#
####.(#### .#
#..# .# #..#
##.###### #.)#
#......$##
#..#####.........
#.......oo.......
########@s.......
##o.....##
......# #######


You could see an orc priest, 2 orcs and a giant cockroach.

Vanquished Creatures
  3 adders
  2 oozes
  2 worms
  3 dart slugs
  4 leopard geckos
  3 giant cockroaches
  10 goblins
  7 hobgoblins
  2 jackals (D:3)
  A ball python (D:1)
  8 bats
  4 frilled lizards
  6 kobolds
  6 rats
61 creatures vanquished.

Notes
Turn   | Place    | Note
-------+----------+-------------------------------------------
     0 | D:1      | 1994 the Barachi Fighter began the quest for the Orb.
     0 | D:1      | Reached XP level 1. HP: 18/18 MP: 1/1
    66 | D:1      | Reached XP level 2. HP: 22/25 MP: 2/2
   272 | D:1      | Reached skill level 1 in Dodging
   310 | D:1      | Reached XP level 3. HP: 30/30 MP: 3/3
  1036 | D:2      | Reached XP level 4. HP: 21/37 MP: 4/4
  1937 | D:3      | Killed from afar by an orc priest

Skill      XL: |  1  2  3 |
---------------+----------+-----
Dodging        | 1 |  1.9
Fighting       | 4 |  4.4
Armour         | 4 |  4.3
Long Blades    | 3 |  3.4
Shields        | |  3.9

Action                   |  1- 3 |  4- 6 || total
-------------------------+-------+-------++-------
Melee: Long sword        |   117 |    91 ||   208
  Eat: Chunk             |     1 |     3 ||     4
Armor: Scale mail        |    62 |    36 ||    98
Dodge: Dodged            |    40 |    41 ||    81
Block: Shield            |    72 |    51 ||   123
       Rpst.: Long sword |    18 |    16 ||    34
